 Dungeon Crawl Stone Soup version 0.17-a0-1910-g4c791fa (webtiles) character file.

93 DecibelRebel the Shooter (level 4, -2/29 HPs)
             Began as a High Elf Hunter on Sept 26, 2015.
             Slain by Terence
             ... wielding a +2 falchion of electrocution
              (16 damage)
             ... on level 2 of the Dungeon.
             The game lasted 00:06:27 (1871 turns).

DecibelRebel the Shooter (High Elf Hunter)          Turns: 1871, Time: 00:06:29

Health: -2/29      AC:  3    Str: 12    XL:     4   Next: 37%
Magic:  5/5        EV: 12    Int: 15    God:
Gold:   61         SH:  0    Dex: 15    Spells: 0 memorised, 3 levels left

rFire  . . .     SeeInvis .     c - +0 short sword
rCold  . . .     Clarity  .     d - +0 leather armour
rNeg   . . .     SustAt   .     (no shield)
rPois  .         Gourm    .     (no helmet)
rElec  .         Spirit   .     (no cloak)
rCorr  .         Warding  .     (no gloves)
rMut   .         Stasis   .     (no boots)
MR     .....                    (no amulet)
Stlth  ++........               (no ring)
                                (no ring)

@: not resistant to hostile enchantments, unstealthy
A: no striking features
a: no special abilities


You were on level 2 of the Dungeon.
You were not hungry.

You visited 1 branch of the dungeon, and saw 2 of its levels.

You collected 61 gold pieces.

Inventory:

Hand weapons
 a - a +1 shortbow
 c - a +0 short sword (weapon)
Missiles
 b - 26 arrows
Armour
 d - a +0 leather armour (worn)
Scrolls
 f - 2 scrolls of teleportation {unknown}
 g - a scroll of immolation {unknown}
 i - a scroll of enchant armour {unknown}
 j - a scroll of recharging {unknown}
 k - a scroll of random uselessness {unknown}
 m - a scroll of amnesia {unknown}
Potions
 h - 2 potions of might
 l - a potion of invisibility {unknown}
Comestibles
 e - a bread ration


   Skills:
 - Level 2.0 Fighting
 * Level 7.0 Bows
 - Level 2.1 Dodging
 + Level 3.0 Stealth


You had 3 spell levels left.
You didn't know any spells.

Dungeon Overview and Level Annotations

Branches:
Dungeon (2/15)

Altars:

Annotations:
D:2 Sigmund, Terence


Message History

You shoot an arrow. The arrow hits Terence!
Terence is almost dead.
Wield which item (- for none, * to show all)? (? for menu, Esc to quit)
c - a +0 short sword (weapon)
Terence completely misses you.
You hit Terence but do no damage.
Terence is almost dead.
Terence says, "Time to say good-bye..."
Terence hits you with a falchion of electrocution.
You hit Terence but do no damage.
Terence is almost dead.
Terence hits you with a falchion of electrocution.
A rat comes into view.
You closely miss Terence.
Terence is almost dead.
The rat moves out of view.
Terence hits you with a falchion of electrocution!
You are electrocuted!
Ouch! That really hurt!
You die...

##.#.......
#.#........####
##.#............
.............#.# #
##...........#.### .#.
#...........#.#.+ ....
#..########.#.#.# ....(
#.........†...#.#...(..
#.###..........@@((.#
#.# #.####.##..........
#.# #.# #.##.#.###.#..
#.# #.# #.##.#... ..
#.# #.# #.##.#.### .
#.# #.# #.##.### ##.#
#.. ..##.. ##.#########
### ..........


You could see Terence.

Vanquished Creatures
  Jessica (D:2)
  An adder (D:2)
  A worm (D:2)
  A giant gecko (D:1)
  5 bats
  4 giant cockroaches (D:1)
  4 goblins
  6 hobgoblins
  4 jackals (D:2)
  6 kobolds
  A quokka (D:2)
  3 giant newts (D:1)
  18 rats
  A plant (D:1)
56 creatures vanquished.

Notes
Turn   | Place    | Note
--------------------------------------------------------------
     0 | D:1      | DecibelRebel the High Elf Hunter began the quest for the Orb.
     0 | D:1      | Reached XP level 1. HP: 14/14 MP: 2/2
    59 | D:1      | Reached XP level 2. HP: 8/19 MP: 3/3
   495 | D:1      | Reached skill level 6 in Bows
   589 | D:1      | Reached XP level 3. HP: 17/24 MP: 4/4
  1671 | D:2      | Noticed Jessica
  1708 | D:2      | Killed Jessica
  1708 | D:2      | Reached skill level 7 in Bows
  1708 | D:2      | Reached XP level 4. HP: 24/29 MP: 5/5
  1837 | D:2      | Noticed Sigmund
  1860 | D:2      | Noticed Terence
  1871 | D:2      | Slain by Terence

Vault maps used:
D:1:      erik_arrival_orb_chamber, serial_forest, infiniplex_forest_end_2,
          infiniplex_forest_end_2, infiniplex_forest_clump_curved,
          infiniplex_forest_straight_4, infiniplex_forest_end_2,
          minmay_quantized
D:2:      hex_intersection, uniq_terence, uniq_sigmund, uniq_jessica

Action                   |  1- 3 |  4- 6 || total
-------------------------+-------+-------++-------
Melee: Short sword       |   196 |     3 ||   199
 Fire: Shortbow          |    60 |     9 ||    69
  Use: Potion            |     1 |       ||     1
 Stab: Sleeping          |     2 |       ||     2
  Eat: Chunk             |     2 |     1 ||     3
